[Event "Titled Tuesday Blitz October 25 Late 2022"]
[White "Pinheiro, Iung Alicio de O."]
[Black "D`Arruda, Ricardo D."]
[WhiteFideId "2104350"]
[BlackFideId "100692"]
[WhiteElo "2283"]
[BlackElo "2463"]
[Result "1/2-1/2"]
[Round "09"]
[TimeControl "180+1"]
[Date "2022.10.26"]
[WhiteClock "0:00:09"]
[BlackClock "0:00:01"]

1. e3 d5 2. c4 c6 3. Nf3 Nf6 4. Nc3 Nbd7 5. d4 e6 6. Qc2 Be7 7. b3 O-O 8. Be2 b6 9. O-O Bb7 10. Bb2 Rc8 11. Rad1 Qc7 12. Rfe1 Rfd8 13. h3 c5 14. Qb1 cxd4 15. Nxd4 dxc4 16. Bxc4 Nc5 17. Be2 Nce4 18. Rc1 Nxc3 19. Rxc3 Qb8 20. Rec1 Rxc3 21. Bxc3 Rc8 22. Bf3 Qa8 23. Bb2 Rxc1+ 24. Qxc1 Bxf3 25. Nxf3 h6 26. Qc7 Nd5 27. Qd7 Bf6 28. Ne5 Bxe5 29. Bxe5 a5 30. Bd4 Qb8 31. Qc6 b5 32. g3 h5 33. e4 Nb4 34. Qc3 f6 35. a3 Na6 36. Qxa5 Qb7 37. Qb6 Qxe4 38. Qxb5 Qxd4 39. Qxa6 Qd1+ 40. Kh2 Qxb3 41. Qc8+ Kh7 42. Qc5 Qa4 43. Qxh5+ Kg8 44. Qc5 e5 45. Qb4 Qc2 46. Qb8+ Kh7 47. Qb6 Qe4 48. Qe3 Qa4 49. h4 Kg8 50. Kg2 Kh7 51. Kf3 Kg8 52. g4 Qa8+ 53. Kg3 Qa4 54. f3 Qc4 55. h5 Qf1 56. Qb3+ Kh8 57. Qe3 Qd1 58. g5 fxg5 59. Kg4 Qd8 60. Qxe5 Qa8 61. Qc5 Qa4+ 62. Kxg5 Qe8 63. Qf5 Qe7+ 64. Kg6 Qe8+ 65. Qf7 Qc6+ 66. Kg5 Qc5+ 67. Qf5 Qxa3 68. Qc8+ Kh7 69. Qf5+ Kh8 70. Kg6 Qa6+ 71. Kg5 Qa3 1/2-1/2


[Site "https://www.chess.com"]

[Event "Titled Tuesday Blitz October 25 Late 2022"]
[White "Putnam, Liam"]
[Black "Vovk, Orest"]
[WhiteFideId "30938279"]
[BlackFideId "14113490"]
[WhiteElo "2082"]
[BlackElo "2215"]
[Result "0-1"]
[Round "09"]
[TimeControl "180+1"]
[Date "2022.10.26"]
[WhiteClock "0:00:20"]
[BlackClock "0:00:07"]

1. e4 Nc6 2. Nc3 Nf6 3. d4 e5 4. dxe5 Nxe5 5. f4 Nc6 6. e5 Ng8 7. Nf3 d6 8. Bb5 Nh6 9. O-O Be7 10. Nd4 Bd7 11. exd6 Bxd6 12. Re1+ Kf8 13. Bxc6 bxc6 14. Qf3 c5 15. Nc6 Bxc6 16. Qxc6 Nf5 17. Be3 Nxe3 18. Rxe3 g6 19. Nd5 Kg7 20. Rf1 Re8 21. Rfe1 Rxe3 22. Rxe3 Rb8 23. b3 Qh4 24. Qa4 Qh5 25. Qe4 Qd1+ 26. Re1 Qd2 27. Re2 Qd1+ 28. Re1 Qd2 29. Ne3 Qxe1+ 30. Nf1 Qxe4 0-1


[Site "https://www.chess.com"]

[Event "Titled Tuesday Blitz October 25 Late 2022"]
[White "Radovic, Luka"]
[Black "Bogaudinov, Rushan"]
[WhiteFideId "911569"]
[BlackFideId "4129288"]
[WhiteElo "2257"]
[BlackElo "1945"]
[Result "1/2-1/2"]
[Round "09"]
[TimeControl "180+1"]
[Date "2022.10.26"]
[WhiteClock "0:00:12"]
[BlackClock "0:00:06"]

1. e4 c5 2. Nf3 d6 3. d3 g6 4. g3 Bg7 5. Bg2 Nf6 6. O-O Nc6 7. Re1 e5 8. c3 O-O 9. d4 Qc7 10. d5 Ne7 11. b4 Nd7 12. Na3 a6 13. Be3 b5 14. Nd2 f5 15. f3 f4 16. Bf2 fxg3 17. hxg3 g5 18. Rb1 c4 19. Nc2 a5 20. a4 axb4 21. Rxb4 bxa4 22. Nxc4 Ba6 23. N2a3 Bxc4 24. Rxc4 Qa5 25. Bh3 Rfd8 26. Qb1 Nc5 27. Bxc5 dxc5 28. Qb7 Ra7 29. Be6+ Kh8 30. Qb5 Qxb5 31. Nxb5 Ra5 32. Rxc5 Bf8 33. c4 a3 34. Ra1 Ng6 35. Rc8 Rxc8 36. Bxc8 Bc5+ 37. Kf1 Ne7 38. Be6 Kg7 39. Ke2 h5 40. Kd3 Kf6 41. Kc3 h4 42. gxh4 gxh4 43. Kb3 Kg5 44. Ka2 Kf4 45. Rh1 Ng6 46. Bf5 Ne7 47. Rxh4+ Kxf3 48. d6 Nc6 49. d7 Be7 50. Rh8 Nb4+ 51. Kb3 a2 52. Rh1 a1=Q 53. Rxa1 Rxa1 54. d8=Q Rb1+ 55. Kc3 Bxd8 56. Nd6 Ba5 57. Nf7 Nd5+ 58. Kc2 Rb4 59. cxd5 Rxe4 60. Ng5+ Kf4 61. Nxe4 Kxf5 62. Kd3 Bc7 63. Nc5 Bd6 64. Ne4 Bf8 65. Nc3 Kf4 66. Ne2+ Kf5 67. Ng3+ Kf4 68. Nh5+ Kf5 69. Kc4 e4 70. Kd4 Kg5 71. Ng3 Kf4 72. Nxe4 Kf5 73. Ng3+ Kg4 74. Ne2 Kf5 75. Kc4 Ke4 76. Nc3+ Ke5 77. Kb5 Kd4 78. Kc6 Kxc3 79. Kd7 Kd4 80. Ke6 Bc5 81. d6 Bxd6 1/2-1/2


[Site "https://www.chess.com"]

[Event "Titled Tuesday Blitz October 25 Late 2022"]
[White "Roberts, Paul"]
[Black "Prydun, Andriy"]
[WhiteFideId "2400600"]
[BlackFideId "14145898"]
[WhiteElo "2112"]
[BlackElo "2163"]
[Result "0-1"]
[Round "09"]
[TimeControl "180+1"]
[Date "2022.10.26"]
[WhiteClock "0:01:39"]
[BlackClock "0:01:12"]

1. e3 Nf6 2. Nf3 e6 3. c4 d5 4. Nc3 Be7 5. b3 O-O 6. Bb2 Nbd7 7. d4 b6 8. Bd3 Bb7 9. O-O a6 10. Qe2 Qb8 11. e4 dxe4 12. Nxe4 Nxe4 13. Bxe4 Nf6 14. Bc2 Rd8 15. Rad1 b5 16. d5 bxc4 17. bxc4 Re8 18. dxe6 Bxf3 19. exf7+ Kxf7 20. gxf3 Ba3 21. Qxe8+ Qxe8 22. Bxa3 Qe2 23. Bb3 c5 24. Bxc5 a5 25. Rfe1 Qxf3 26. Re7+ Kg8 27. Be3 a4 28. c5+ axb3 0-1


[Site "https://www.chess.com"]

[Event "Titled Tuesday Blitz October 25 Late 2022"]
[White "Rodriguez Santiago, Jaime"]
[Black "Marcolino, Daniel Mattos"]
[WhiteFideId "3100898"]
[BlackFideId "2106841"]
[WhiteElo "2025"]
[BlackElo "2093"]
[Result "1-0"]
[Round "09"]
[TimeControl "180+1"]
[Date "2022.10.26"]
[WhiteClock "0:00:59"]
[BlackClock "0:00:15"]

1. c4 e6 2. Nf3 d5 3. g3 Nf6 4. Bg2 Be7 5. O-O O-O 6. b3 b6 7. Bb2 Bb7 8. d3 c5 9. e3 Nbd7 10. Qe2 Qc7 11. Nc3 a6 12. Rad1 Rfd8 13. Ne1 d4 14. exd4 Bxg2 15. Nxg2 cxd4 16. Ne4 Nc5 17. f4 Ncxe4 18. dxe4 d3 19. Rxd3 Bc5+ 20. Kh1 Rxd3 21. Qxd3 Ng4 22. Qe2 f5 23. h3 Nf6 24. Bxf6 gxf6 25. exf5 e5 26. fxe5 fxe5 27. f6 Rf8 28. Qe4 Bd4 29. Nh4 Rf7 30. Qd5 Kf8 31. Kh2 Qb7 32. Qd6+ Ke8 33. Nf5 Qd7 34. Qb8+ Qd8 35. Nd6+ 1-0


[Site "https://www.chess.com"]

[Event "Titled Tuesday Blitz October 25 Late 2022"]
[White "Roman, Rodrigo"]
[Black "Machidon, Cristi"]
[WhiteFideId "3701220"]
[BlackFideId "13904590"]
[WhiteElo "2001"]
[BlackElo "2312"]
[Result "1-0"]
[Round "09"]
[TimeControl "180+1"]
[Date "2022.10.26"]
[WhiteClock "0:00:05"]
[BlackClock "0:00:04"]

1. e4 e5 2. Nf3 Nc6 3. Bb5 Nge7 4. c3 a6 5. Ba4 d6 6. O-O Bd7 7. d4 Ng6 8. d5 Nce7 9. Bxd7+ Qxd7 10. c4 h6 11. Nc3 f5 12. exf5 Nxf5 13. Re1 Be7 14. Ne4 O-O 15. Qb3 b6 16. a4 a5 17. Qb5 Qd8 18. Qb3 Ngh4 19. Nxh4 Nd4 20. Qd3 Bxh4 21. Be3 Nf5 22. Bd2 Qe8 23. Rf1 Qg6 24. Rae1 Rf7 25. Kh1 Raf8 26. Bc3 Kh7 27. Qh3 Bd8 28. f3 Nh4 29. Rg1 Rf5 30. Qg4 Qf7 31. Rgf1 Rf4 32. Qg3 Qf5 33. Qf2 Qg6 34. Qe2 R4f7 35. Bd2 Nf5 36. Be3 Be7 37. Bg1 Nh4 38. Be3 Rf5 39. Bd2 Qf7 40. Rf2 g5 41. Ref1 Ng6 42. Ng3 Rf6 43. Ne4 Rf5 44. g4 Nf4 45. Qe1 Rf6 46. Nxf6+ Bxf6 47. Qe4+ Ng6 48. Rg1 Kg7 49. Rgf1 Be7 50. Qf5 Qxf5 51. gxf5 Rxf5 52. Be3 Nh4 53. Kg1 Kg6 54. h3 Rf7 55. Kh2 Nf5 56. Bd2 Bf6 57. Bc3 Nh4 58. Kg3 Kf5 59. Re1 Ng6 60. Re4 Nf4 61. Bd2 Nh5+ 62. Kg2 Be7 63. Rfe2 Kg6 64. Rf2 Ng7 65. b4 axb4 66. Bxb4 Nf5 67. a5 bxa5 68. Bxa5 Nh4+ 69. Kg3 Nf5+ 70. Kh2 Bf8 71. Be1 Nd4 72. Kg2 c6 73. Bc3 cxd5 74. cxd5 Nf5 75. Be1 h5 76. Rc2 Rb7 77. Rc8 Be7 78. Bf2 Rb2 79. Rg8+ Kf7 80. Rc8 Nh4+ 81. Kg3 Rb3 82. Rxh4 gxh4+ 83. Kg2 Rd3 84. Rh8 Rxd5 85. Rh7+ Ke6 86. Rh6+ Bf6 87. Bxh4 Rd2+ 88. Kg3 Kd5 89. Rxf6 Rc2 90. Rh6 Rc6 91. Rxh5 Kd4 92. Bf6 Rc7 93. Rf5 Kd5 94. h4 Ke6 95. Kg4 Rc1 96. Rg5 Rg1+ 97. Kh5 Rf1 98. Bg7 Rxf3 99. Kg6 Rf1 100. h5 e4 101. h6 Rh1 102. h7 e3 103. Rg3 e2 104. Re3+ Kd5 105. Rxe2 Rg1+ 106. Kf7 Rf1+ 107. Kg8 Rh1 108. h8=Q 1-0


[Site "https://www.chess.com"]

[Event "Titled Tuesday Blitz October 25 Late 2022"]
[White "Romero Ruscalleda, Josep"]
[Black "Osiecki, Stanislaw"]
[WhiteFideId "2231859"]
[BlackFideId "1102990"]
[WhiteElo "2332"]
[BlackElo "2088"]
[Result "1-0"]
[Round "09"]
[TimeControl "180+1"]
[Date "2022.10.26"]
[WhiteClock "0:02:04"]
[BlackClock "0:01:41"]

1. e4 e6 2. d4 d5 3. e5 c5 4. c3 Nc6 5. Be3 Qb6 6. Qd2 cxd4 7. cxd4 Bb4 8. Nc3 Nge7 9. Nf3 Nf5 10. Bd3 Nxe3 11. fxe3 h6 12. O-O O-O 13. Rf2 Bd7 14. Raf1 Na5 15. Bb1 g6 16. Nh4 Nc4 17. Qd3 Bxc3 18. Nxg6 Kg7 19. Nxf8 Kxf8 20. Rxf7+ Ke8 21. Rf8+ 1-0


[Site "https://www.chess.com"]

[Event "Titled Tuesday Blitz October 25 Late 2022"]
[White "Rose, Felix"]
[Black "Pakleza, Zbigniew"]
[WhiteFideId "5105722"]
[BlackFideId "1119290"]
[WhiteElo "2039"]
[BlackElo "2411"]
[Result "0-1"]
[Round "09"]
[TimeControl "180+1"]
[Date "2022.10.26"]
[WhiteClock "0:00:04"]
[BlackClock "0:00:15"]

1. e4 d6 2. d4 Nf6 3. Nc3 c6 4. f4 Qb6 5. e5 Nd5 6. Nxd5 cxd5 7. c3 Bf5 8. Bd3 g6 9. Bxf5 gxf5 10. e6 fxe6 11. Qh5+ Kd7 12. Nf3 Nc6 13. Ng5 h6 14. O-O Bg7 15. Nf3 Qd8 16. Qg6 Bf6 17. Re1 Qg8 18. Qh5 Qg4 19. Qxg4 fxg4 20. Nd2 e5 21. fxe5 dxe5 22. dxe5 Nxe5 23. Nb3 b6 24. Bf4 Nd3 25. Rf1 Nxb2 26. Nd4 Rac8 27. Rae1 Rxc3 28. Be5 Rc4 29. Ne6 Nd3 30. Bxf6 exf6 31. Rd1 Kxe6 32. Rxd3 Rd8 33. Re1+ Kf7 34. Red1 d4 35. Rf1 Kg6 36. Rf4 f5 37. g3 Kg5 38. Rd1 h5 39. Rdf1 Rc5 40. h4+ gxh3 41. Kh2 d3 42. Kxh3 d2 43. Rd1 Rc1 44. Rff1 Rxd1 45. Rxd1 h4 46. gxh4+ Kf4 47. Kg2 Ke3 48. h5 Ke2 49. Rf1 d1=Q 50. Rxd1 Rxd1 51. Kg3 Rd4 52. h6 Rg4+ 53. Kh3 Rg6 54. h7 Rh6+ 55. Kg3 Rxh7 56. Kf4 Rc7 0-1


[Site "https://www.chess.com"]

[Event "Titled Tuesday Blitz October 25 Late 2022"]
[White "Rustemov, Alexander"]
[Black "Sarana, Alexey"]
[WhiteFideId "4119002"]
[BlackFideId "24133795"]
[WhiteElo "2803"]
[BlackElo "2689"]
[Result "0-1"]
[Round "09"]
[TimeControl "180+1"]
[Date "2022.10.26"]
[WhiteClock "0:00:02"]
[BlackClock "0:00:19"]

1. d4 d5 2. Bg5 h6 3. Bh4 c5 4. e3 Qb6 5. Nc3 e6 6. Nf3 Bd7 7. Rb1 Ne7 8. dxc5 Qxc5 9. Bd3 Nbc6 10. O-O a6 11. e4 d4 12. Ne2 Ng6 13. Bg3 Bd6 14. a3 Bxg3 15. hxg3 Nge5 16. Nxe5 Nxe5 17. Qd2 Rd8 18. Rbd1 Ba4 19. b3 Nxd3 20. cxd3 Bxb3 21. Rc1 Qd6 22. Rb1 Ba4 23. Rxb7 Qxa3 24. Qa5 O-O 25. Rb4 Qxd3 26. Nf4 Qxe4 27. Qxa4 e5 28. Nh3 Rd6 29. Qd1 Qd5 30. f3 a5 31. Ra4 Rb8 32. g4 Rb2 33. Nf2 Qb5 34. Ne4 Rc6 35. Kh2 Rcc2 36. Rg1 Qxa4 37. Qd3 Qb5 38. Qa3 Qb4 39. Qa1 a4 40. Kg3 a3 41. g5 hxg5 42. Nxg5 a2 43. Rh1 Rb1 44. Rxb1 Qxb1 0-1


[Site "https://www.chess.com"]

[Event "Titled Tuesday Blitz October 25 Late 2022"]
[White "Sadhwani, Raunak"]
[Black "Zhigalko, Sergei"]
[WhiteFideId "35093487"]
[BlackFideId "13502956"]
[WhiteElo "2656"]
[BlackElo "2662"]
[Result "1-0"]
[Round "09"]
[TimeControl "180+1"]
[Date "2022.10.26"]
[WhiteClock "0:00:23"]
[BlackClock "0:00:04"]

1. d4 Nf6 2. Nc3 d5 3. Bf4 a6 4. e3 b5 5. Nf3 Bb7 6. Ne5 e6 7. g4 Nfd7 8. g5 Nxe5 9. Bxe5 Qxg5 10. Bxc7 Nc6 11. Bf4 Qf6 12. Qg4 h5 13. Qg3 Nb4 14. Bd3 Rc8 15. h4 Nxd3+ 16. cxd3 Qf5 17. Kd2 b4 18. Ne2 a5 19. Rac1 Rxc1 20. Nxc1 Ba6 21. Re1 b3 22. a3 a4 23. Bd6 Be7 24. Qxg7 Bf6 25. Qg3 Kd7 26. Bc5 e5 27. e4 Qe6 28. Ne2 Rc8 29. exd5 Qxd5 30. Nc3 Qe6 31. Nxa4 Kd8 32. dxe5 Be7 33. Bxe7+ Kxe7 34. Nc3 Rd8 35. Qg5+ Ke8 36. Re3 Rd4 37. Qxh5 Rg4 38. Qh8+ Kd7 39. Qf6 Qxf6 40. exf6 Rxh4 41. Ne4 Kc6 42. Ng5 Rf4 43. Rf3 Rxf3 44. Nxf3 Bc8 45. Ne5+ Kd5 46. Nxf7 Ke6 47. Ng5+ Kxf6 48. Ne4+ Ke5 49. Nc5 Be6 50. Nxe6 Kxe6 51. Kc3 1-0


[Site "https://www.chess.com"]

[Event "Titled Tuesday Blitz October 25 Late 2022"]
[White "Sailer, Mike"]
[Black "Petrova, Irina"]
[WhiteFideId "2012901"]
[BlackFideId "14124122"]
[WhiteElo "2109"]
[BlackElo "2023"]
[Result "0-1"]
[Round "09"]
[TimeControl "180+1"]
[Date "2022.10.26"]
[WhiteClock "0:00:09"]
[BlackClock "0:00:10"]

1. d4 d6 2. Nc3 Nf6 3. e4 e5 4. dxe5 dxe5 5. Qxd8+ Kxd8 6. Bc4 Ke8 7. f3 c6 8. a4 Bb4 9. Ne2 Nbd7 10. Be3 Nc5 11. O-O Be6 12. Bxe6 Nxe6 13. Rfd1 Ke7 14. g4 h6 15. Kf2 Rhd8 16. Rxd8 Kxd8 17. Nd1 Bc5 18. c3 Ke7 19. a5 Rd8 20. b4 Bxe3+ 21. Kxe3 Ne8 22. Nb2 N8c7 23. h4 g6 24. Nd3 Nb5 25. Nxe5 Nd6 26. c4 f6 27. Nxg6+ Kf7 28. h5 Nxc4+ 29. Kf2 Rd2 30. Ke1 Rb2 31. Rd1 Ke8 32. Nd4 Nxd4 33. Rxd4 Rxb4 34. Kf2 Rb2+ 35. Kg3 Nd2 36. Kf4 b5 37. Rd6 Rc2 38. Rxf6 b4 39. Rf8+ Kd7 40. Rb8 b3 41. Ne5+ Kc7 42. Rb4 b2 43. Nd3 b1=Q 44. Rxb1 Nxb1 45. Ne5 Nd2 46. Kf5 Rc3 47. f4 Rc5 48. Kg6 Rxa5 49. Kxh6 Nxe4 50. g5 c5 51. g6 Nf6 52. Kg5 Ra6 53. h6 Ne4+ 54. Kf5 Ng3+ 55. Kg4 Ne4 56. h7 Nf6+ 57. Kf5 Nxh7 58. gxh7 Rh6 59. Nf7 Rxh7 60. Ng5 Rh1 61. Ne6+ Kd6 62. Nd8 c4 63. Nb7+ Kd5 64. Na5 c3 65. Nb3 c2 66. Kf6 c1=Q 67. Nxc1 Rxc1 68. f5 Rf1 69. Ke7 a5 70. f6 Rxf6 71. Kxf6 a4 72. Kf5 a3 0-1


[Site "https://www.chess.com"]

[Event "Titled Tuesday Blitz October 25 Late 2022"]
[White "Sanchez, Robert"]
[Black "Przybylski, Wojciech"]
[WhiteFideId "2034360"]
[BlackFideId "1117599"]
[WhiteElo "2410"]
[BlackElo "2221"]
[Result "0-1"]
[Round "09"]
[TimeControl "180+1"]
[Date "2022.10.26"]
[WhiteClock "0:00:16"]
[BlackClock "0:00:23"]

1. e4 c5 2. Nf3 e6 3. d4 cxd4 4. Nxd4 Nc6 5. Nc3 Qc7 6. g3 a6 7. Bg2 Nf6 8. O-O Nxd4 9. Qxd4 Bc5 10. Qd1 O-O 11. Bg5 Ne8 12. Bf4 d6 13. Na4 e5 14. Bd2 Bd4 15. c3 Ba7 16. b3 b5 17. Nb2 Bb7 18. Rc1 f5 19. c4 fxe4 20. cxb5 Qf7 21. bxa6 Bxf2+ 22. Kh1 Bxa6 23. Bxe4 Bb7 24. Qe2 Rxa2 25. Bc3 Qxb3 26. Rc2 Qd5 27. Rxf2 Qxe4+ 28. Qxe4 Bxe4+ 29. Kg1 Ra1+ 0-1


[Site "https://www.chess.com"]

[Event "Titled Tuesday Blitz October 25 Late 2022"]
[White "Sargsyan, Anna M."]
[Black "Zilleruelo Irizarry, Diego"]
[WhiteFideId "13308130"]
[BlackFideId "3101460"]
[WhiteElo "2284"]
[BlackElo "1998"]
[Result "1-0"]
[Round "09"]
[TimeControl "180+1"]
[Date "2022.10.26"]
[WhiteClock "0:01:38"]
[BlackClock "0:01:06"]

1. d4 d5 2. c4 e6 3. Nf3 Nf6 4. Nc3 a6 5. Bg5 dxc4 6. e4 b5 7. e5 h6 8. Bh4 g5 9. Nxg5 hxg5 10. Bxg5 Be7 11. exf6 Bxf6 12. Qf3 Bxg5 13. Qxa8 Qxd4 14. Rd1 Qb6 15. Qf3 Bb7 16. Qg3 Rg8 17. f4 Bxg2 18. Bxg2 Bh4 19. Qxh4 Qe3+ 20. Ne2 1-0


[Site "https://www.chess.com"]

[Event "Titled Tuesday Blitz October 25 Late 2022"]
[White "Silva Rosas, Natalia"]
[Black "Joubert, Dantelle"]
[WhiteFideId "3000575"]
[BlackFideId "14310813"]
[WhiteElo "1752"]
[BlackElo "1507"]
[Result "0-1"]
[Round "09"]
[TimeControl "180+1"]
[Date "2022.10.26"]
[WhiteClock "0:00:12"]
[BlackClock "0:01:09"]

1. e4 e5 2. f4 exf4 3. Nf3 d5 4. exd5 Nf6 5. d4 Bd6 6. Bb5+ c6 7. dxc6 Nxc6 8. d5 Nxd5 9. Bxc6+ bxc6 10. O-O O-O 11. c4 Bc5+ 12. Kh1 Ne3 13. Bxe3 fxe3 14. Qe2 Bg4 15. Nc3 Qe7 16. a3 a5 17. h3 Bh5 18. Rae1 Rfe8 19. g4 Bg6 20. Rd1 Rad8 21. g5 Be4 22. Rxd8 Rxd8 23. Nxe4 Qxe4 24. Kg1 Rd2 25. Qe1 Rf2 26. Kh1 Qxf3+ 0-1


[Site "https://www.chess.com"]

[Event "Titled Tuesday Blitz October 25 Late 2022"]
[White "Sokolovsky, Yahli"]
[Black "Mendez Fortes, Eduardo Jesus"]
[WhiteFideId "2820242"]
[BlackFideId "3502376"]
[WhiteElo "2316"]
[BlackElo "2307"]
[Result "0-1"]
[Round "09"]
[TimeControl "180+1"]
[Date "2022.10.26"]
[WhiteClock "0:00:03"]
[BlackClock "0:01:28"]

1. b3 d5 2. e3 Nf6 3. Bb2 e6 4. Nf3 Bd6 5. d4 O-O 6. Bd3 c5 7. Nbd2 b6 8. O-O Bb7 9. a3 Nc6 10. Ne5 Rc8 11. f4 Na5 12. dxc5 bxc5 13. Ng4 Be7 14. b4 c4 15. bxa5 cxd3 16. cxd3 Ba6 17. Nb3 Nxg4 18. Qxg4 Bf6 19. Bxf6 Qxf6 20. Qe2 Qc3 21. Qd1 Bxd3 22. Rc1 Bc2 23. Nd4 Qxe3+ 0-1


[Site "https://www.chess.com"]

[Event "Titled Tuesday Blitz October 25 Late 2022"]
[White "Sorokin, Aleksey"]
[Black "Caruana, Fabiano"]
[WhiteFideId "24176460"]
[BlackFideId "2020009"]
[WhiteElo "2476"]
[BlackElo "2847"]
[Result "0-1"]
[Round "09"]
[TimeControl "180+1"]
[Date "2022.10.26"]
[WhiteClock "0:00:02"]
[BlackClock "0:00:03"]

1. c4 e5 2. Nc3 Bb4 3. g3 Bxc3 4. bxc3 d6 5. Bg2 Nc6 6. Nh3 Nge7 7. O-O O-O 8. d3 h6 9. f4 Be6 10. e4 f5 11. fxe5 dxe5 12. exf5 Bxf5 13. Nf2 Qd7 14. Rb1 b6 15. Qe2 Rad8 16. Ba3 Rf7 17. Rbd1 Kh8 18. h3 Be6 19. Kh2 Nf5 20. Ng4 Re8 21. Rde1 Nfe7 22. Rxf7 Bxf7 23. Bxe7 Rxe7 24. Bxc6 Qxc6 25. Nxe5 Qf6 26. d4 Bxc4 27. Qg2 Re8 28. Re4 Bg8 29. a3 Qd6 30. Rf4 Bd5 31. Qf2 Kg8 32. a4 c5 33. h4 cxd4 34. cxd4 Rc8 35. h5 Bb3 36. Ng6 Bc2 0-1


[Site "https://www.chess.com"]

[Event "Titled Tuesday Blitz October 25 Late 2022"]
[White "Storey, Charles H"]
[Black "Ali Abdullahi, Farah"]
[WhiteFideId "406686"]
[BlackFideId "16100212"]
[WhiteElo "2252"]
[BlackElo "2251"]
[Result "1/2-1/2"]
[Round "09"]
[TimeControl "180+1"]
[Date "2022.10.26"]
[WhiteClock "0:00:03"]
[BlackClock "0:00:28"]

1. c4 e6 2. g3 d5 3. Bg2 c5 4. Nf3 Nc6 5. cxd5 exd5 6. d4 Nf6 7. Nc3 Be7 8. Bg5 cxd4 9. Nxd4 h6 10. Be3 O-O 11. O-O Re8 12. Qb3 Na5 13. Qa4 Bd7 14. Qd1 Nc6 15. Nxd5 Nxd5 16. Bxd5 Bh3 17. Nxc6 bxc6 18. Bg2 Qc8 19. Bxh3 Qxh3 20. Qc2 Bf6 21. Rab1 Re6 22. b3 h5 23. Bc5 h4 24. Qd3 Rae8 25. Rfe1 hxg3 26. hxg3 Bc3 27. Qxc3 Rh6 28. Qf3 Qh2+ 29. Kf1 Ree6 30. e3 Ref6 31. Qg2 Qh5 32. Bd4 Rfg6 33. Rbc1 Qf5 34. Re2 Qd3 35. Ke1 Rh5 36. Rd2 Qf5 37. Ke2 Rgh6 38. Rc5 Qg4+ 39. Qf3 Qg6 40. Rxh5 Rxh5 41. Bxa7 c5 42. Rd8+ Kh7 43. Rd6 f6 44. Rd5 Qc2+ 45. Rd2 Qg6 46. Bb6 Rf5 47. Qh1+ Rh5 48. Qc6 Qg4+ 49. Qf3 Qg6 50. Rc2 Qxc2+ 51. Ke1 Qg6 52. Kd2 Rf5 53. Qh1+ Kg8 54. g4 Rxf2+ 55. Ke1 Qc2 56. Qd5+ Kh7 57. Qh5+ Kg8 58. Qe8+ Kh7 59. Qh5+ Kg8 60. Qe8+ Kh7 61. Qh5+ 1/2-1/2


[Site "https://www.chess.com"]

[Event "Titled Tuesday Blitz October 25 Late 2022"]
[White "Stoyanov, Tsvetan"]
[Black "Hansen, Eric"]
[WhiteFideId "2917173"]
[BlackFideId "2606771"]
[WhiteElo "2349"]
[BlackElo "2568"]
[Result "0-1"]
[Round "09"]
[TimeControl "180+1"]
[Date "2022.10.26"]
[WhiteClock "0:00:01"]
[BlackClock "0:00:06"]

1. e4 c5 2. Nf3 e6 3. d4 cxd4 4. Nxd4 a6 5. Nc3 Qc7 6. Bd3 Nf6 7. O-O d6 8. Qe2 Nbd7 9. Kh1 b5 10. a4 b4 11. Nd5 Qb7 12. Nxf6+ Nxf6 13. f4 Nd7 14. e5 Nc5 15. f5 Nxd3 16. cxd3 dxe5 17. fxe6 f6 18. Nf3 Bxe6 19. Nxe5 fxe5 20. Qxe5 Qd5 21. Qg3 Bd6 22. Qh4 Rc8 23. Be3 Rc2 24. Bf2 O-O 25. Rae1 Bf5 26. Qg5 h6 27. Qe3 Qxd3 28. Qb6 Bh3 29. gxh3 Qd5+ 30. Kg1 Rcxf2 31. Rxf2 Bc5 0-1


[Site "https://www.chess.com"]

[Event "Titled Tuesday Blitz October 25 Late 2022"]
[White "Szente Varga, Fruzsina"]
[Black "Harish, Neeraj"]
[WhiteFideId "712264"]
[BlackFideId "30958130"]
[WhiteElo "1994"]
[BlackElo "1815"]
[Result "1-0"]
[Round "09"]
[TimeControl "180+1"]
[Date "2022.10.26"]
[WhiteClock "0:00:16"]
[BlackClock "0:00:07"]

1. e4 c5 2. Nf3 Nc6 3. Bb5 g6 4. O-O Bg7 5. c3 e5 6. d3 Nge7 7. Be3 d6 8. Nbd2 O-O 9. a4 f5 10. exf5 gxf5 11. Bg5 Be6 12. Re1 Qd7 13. Nc4 Ng6 14. d4 cxd4 15. cxd4 Bxc4 16. Bxc4+ d5 17. dxe5 h6 18. Bxd5+ Kh7 19. Bf6 Bxf6 20. exf6 Rad8 21. Bxc6 Qxc6 22. Qb3 Qxf6 23. Qxb7+ Rf7 24. Qb5 Nf4 25. Ne5 Qg6 26. Qc6 Qxc6 27. Nxc6 Rg8 28. g3 Nd3 29. Re2 Rc7 30. Rd1 Rxc6 31. Rxd3 Rb8 32. Kg2 Rc4 33. b3 Rcb4 34. Re7+ Kg8 35. Rxa7 Rxb3 36. Rdd7 f4 37. gxf4 Rb2 38. Rg7+ Kh8 39. Rh7+ Kg8 40. Rxh6 1-0


[Site "https://www.chess.com"]

[Event "Titled Tuesday Blitz October 25 Late 2022"]
[White "Sztokbant, Bernardo Vainzoff"]
[Black "Stanisz, Patryk"]
[WhiteFideId "2115956"]
[BlackFideId "1123106"]
[WhiteElo "2171"]
[BlackElo "2069"]
[Result "1-0"]
[Round "09"]
[TimeControl "180+1"]
[Date "2022.10.26"]
[WhiteClock "0:00:12"]
[BlackClock "0:00:01"]

1. c4 c6 2. e4 d5 3. exd5 cxd5 4. d4 Nf6 5. Nf3 Nc6 6. Nc3 e6 7. Bg5 Be7 8. c5 h6 9. Bf4 Ne4 10. Bd3 Nxc3 11. bxc3 O-O 12. O-O Re8 13. Bc2 Bg5 14. Bg3 b6 15. Qd3 g6 16. cxb6 axb6 17. Nxg5 Qxg5 18. Rfe1 Ba6 19. Qf3 h5 20. h4 Qg4 21. Qe3 Ne7 22. Qh6 Nf5 23. Bxf5 Qxf5 24. Re5 Qf6 25. Rxh5 Qg7 26. Qxg7+ Kxg7 27. Rg5 Rec8 28. Rc1 Bc4 29. h5 Kf6 30. Bh4 gxh5 31. Rxd5+ Kg6 32. Rg5+ Kh6 33. Rg3 Rxa2 34. Re1 Bd5 35. Bf6 Rca8 36. Re5 Ra1+ 37. Kh2 R1a2 38. Bg7+ Kh7 39. Rxh5+ Kg8 40. Rh8# 1-0


[Site "https://www.chess.com"]

[Event "Titled Tuesday Blitz October 25 Late 2022"]
[White "Tan, Ralph"]
[Black "Cortes Orihuela, Javier"]
[WhiteFideId "30966590"]
[BlackFideId "3414329"]
[WhiteElo "2059"]
[BlackElo "2080"]
[Result "0-1"]
[Round "09"]
[TimeControl "180+1"]
[Date "2022.10.26"]
[WhiteClock "0:00:18"]
[BlackClock "0:00:07"]

1. Nf3 d5 2. g3 Nf6 3. Bg2 Nbd7 4. d4 c5 5. c4 cxd4 6. cxd5 Nxd5 7. Nxd4 N5f6 8. O-O e6 9. Nc3 Bc5 10. b3 O-O 11. Bb2 Nb6 12. Ndb5 a6 13. Na3 Qe7 14. Nc2 Rd8 15. Qb1 e5 16. Ne1 Bg4 17. Nd3 Bd6 18. h3 Bh5 19. e4 Rac8 20. Kh2 Bg6 21. Qe1 Nfd7 22. Rd1 h5 23. Nd5 Nxd5 24. exd5 e4 25. Nc1 h4 26. Ne2 Rc2 27. Bd4 Ne5 28. Nf4 hxg3+ 29. fxg3 Qg5 30. Bxe5 Bxe5 31. Qe3 Bxf4 32. Qxf4 Rxd5 33. Rxd5 Qxd5 34. Qb8+ Kh7 35. Rf4 Bh5 36. Rh4 g6 37. Qf4 Qd2 38. Qxd2 Rxd2 39. g4 e3 40. gxh5 e2 41. Re4 f5 42. hxg6+ Kxg6 43. Re6+ Kf7 44. Re3 f4 45. Re4 Kg6 46. Rxf4 e1=Q 47. Rg4+ Kh7 48. Rh4+ Qxh4 49. Kg1 Qf6 50. Bf3 Qd4+ 51. Kh1 Kg7 52. Bg2 Kf6 53. Kh2 Ke5 54. Kg3 Qf2+ 55. Kg4 Qxg2+ 56. Kh5 Rd6 57. h4 Qg6# 0-1


[Site "https://www.chess.com"]

[Event "Titled Tuesday Blitz October 25 Late 2022"]
[White "Timmermans, Mark"]
[Black "Yuan, Qingyu"]
[WhiteFideId "1026399"]
[BlackFideId "8609772"]
[WhiteElo "2460"]
[BlackElo "2359"]
[Result "1-0"]
[Round "09"]
[TimeControl "180+1"]
[Date "2022.10.26"]
[WhiteClock "0:00:04"]
[BlackClock "0:00:02"]

1. e4 c6 2. d4 d5 3. e5 c5 4. dxc5 e6 5. Bb5+ Bd7 6. Bd3 Bxc5 7. Nf3 Qb6 8. O-O Bb5 9. Nbd2 Bxd3 10. cxd3 Ne7 11. Nb3 Nf5 12. g4 Nd4 13. Nxc5 Qxc5 14. Be3 Nxf3+ 15. Qxf3 Qb5 16. Rac1 Nc6 17. Bc5 Nxe5 18. Qg3 Nxd3 19. Qd6 Nxc5 20. Rxc5 Qd7 21. Qf4 O-O 22. Rc7 Qb5 23. Qd4 Rac8 24. Rfc1 Rxc7 25. Rxc7 a6 26. a4 Qb3 27. Kg2 h6 28. h4 b5 29. a5 Qa4 30. Qxa4 bxa4 31. Rc6 Ra8 32. Rb6 Kf8 33. f4 Rc8 34. Kf3 Rc5 35. Rxa6 Rb5 36. g5 hxg5 37. fxg5 Rb4 38. Rb6 Rc4 39. a6 Rc8 40. a7 Ke7 41. Rb8 Rc4 42. a8=Q Kd6 43. Rd8+ Ke5 44. Qb8+ Kf5 45. Rc8 Rxh4 46. Qg3 Rb4 47. Rc3 Rxb2 48. Qg4+ Kg6 49. Re3 1-0


[Site "https://www.chess.com"]